 Dungeon Crawl Stone Soup version 0.31.0-32-g396128a36d (webtiles) character file.

Game seed: 1837386526956518722

49 spaghetti the Caller (level 3, -4/26 (28) HPs)
             Began as a Naga Summoner on Mar 12, 2024.
             Slain by a goblin
             ... wielding a +0 club
             ... led by Robin
              (6 damage)
             ... on level 1 of the Dungeon.
             The game lasted 00:02:27 (1444 turns).

spaghetti the Caller (Naga Summoner)                Turns: 1444, Time: 00:02:28

HP:   -4/26 (28)    AC:  2    Str: 10    XL:     3   Next: 75%
MP:   1/6           EV: 10    Int: 17    God:
Gold: 10            SH:  0    Dex: 17    Spells: 0/6 levels left

rFire   . . .        (no weapon)
rCold   . . .        (no shield)
rNeg    . . .        a - +0 robe
rPois   +            (no helmet)
rElec   .            (no cloak)
rCorr   .            (no gloves)
SInv    +            (no barding)
Will    .....        i - amulet of the acrobat
Stlth   ++           c - +6 ring of dexterity
HPRegen 0.24/turn    (no ring)
MPRegen 0.10/turn

%: acrobat
@: mighty, drained, very slow
A: AC +1, large, see invisible, deformed body, poison resistance, slowness 2,
spit poison 1, naga tail 1
a: Spit Poison


You were on level 1 of the Dungeon.
You visited 1 branch of the dungeon, and saw 2 of its levels.

You collected 10 gold pieces.

Inventory:

Armour
 a - a +0 robe (worn)
Jewellery
 c - a +6 ring of dexterity (left hand)
 i - an amulet of the acrobat (around neck)
Scrolls
 d - a scroll of enchant armour {unknown}
 e - a scroll of identify {unknown}
 h - a scroll of immolation {unknown}
Potions
 b - a potion of magic


   Skills:
 - Level 1.5 Dodging
 - Level 3.0 Stealth
 - Level 2.0 Spellcasting
 + Level 5.3 Summonings


You couldn't memorise any spells.
You knew the following spells:

 Your Spells              Type           Power      Damage    Failure   Level
a - Summon Small Mammal   Summ           76%        N/A       2%          1
b - Call Imp              Summ           38%        N/A       3%          2
c - Call Canine Familiar  Summ           19%        N/A       6%          3

Your spell library contained the following spells:

 Spells                   Type           Power      Damage    Failure   Level
 Freeze                   Ice            4%         1d3       19%         1
 Frozen Ramparts          Ice            2%         1d1       50%         3
 Hailstorm                Conj/Ice       1%         3d5       50%         3
 Summon Blazeheart Golem  Fire/Summ      10%        N/A       54%         4
 Summon Lightning Spire   Summ/Air       10%        N/A       54%         4


Dungeon Overview and Level Annotations

Branches:
Dungeon (2/15)

Altars:

Annotations:
D:2 Robin


Innate Abilities, Weirdness & Mutations

Your serpentine skin is tough. (AC +1)
You have supernaturally acute eyesight. (SInv)
Armour fits poorly on your strangely shaped body.
Your system is resistant to poisons. (rPois)
You cover ground very slowly.
You can spit poison.
You have a snake-like lower body.


Message History

The hobgoblin misses your inugami. The goblin completely misses you.
The goblin hits you with a +0 dagger.
Your inugami hits the hobgoblin.
The hobgoblin closely misses your quokka.
The goblin closely misses you. The goblin misses you.
Your rat barely misses the goblin.
Your quokka barely misses the goblin.
Your inugami hits the hobgoblin but does no damage.
Robin throws the goblin at you! The hobgoblin misses your inugami.
The goblin hits you with a +0 dagger.
* * * LOW HITPOINT WARNING * * *
The goblin completely misses you.
Your rat barely misses the goblin.
Your quokka closely misses the goblin.
The goblin unwields a +0 sling.
The goblin wields a +0 club.
The goblin closely misses you.
There is a stone staircase leading up here.
The goblin hits you with a +0 dagger.
* * * LOW HITPOINT WARNING * * *
Your inugami hits the hobgoblin!
The hobgoblin dies!
Robin says, "My army is invincible!"
Your cerulean imp hits the hobgoblin with a -3 spear.
The hobgoblin dies!
Your quokka bites the goblin.
The hobgoblin barely misses your inugami.
The goblin closely misses you.
Your rat bites the goblin.
The goblin dies!
The goblin hits you but does no damage.
You climb upwards.
There is a stone staircase leading down here.
Okay, then.
It was a potion of might.
You feel very mighty all of a sudden. The goblin misses you.
The goblin closely misses you. The goblin hits you with a +0 dagger.
* * * LOW HITPOINT WARNING * * *
The goblin completely misses you.
The air fills with toxic fumes!
As you read the scroll labelled WUOPHO ZORA, it crumbles to dust.
It was a scroll of poison.
The goblin no longer looks unusually strong.
The goblin closely misses you. The goblin hits you with a +0 club.
You die...

#..#########.##.##...........# #
##...........##.####§#.......# #
#.......######..§#§§........###
#.##.....### #.#§§§............
#.##.......###.§§§..###.#######
###.##...§....###§§#..# #.#####..
.##.##...§§§..# #§§#.## #.......#
.##.#####§§§§§###g§#§# #########
.##.# #§§§§§§g@g§§§# #... ....#
#§§§§###§g§§§# #...
.###############§§##§#########.##
...............§§§##.§§....##..##
######.#######.§§§#######.)##..##
# ###.#######§§§#######........#
# #..........§§§§...............
# #.###########§######..........
#..[.......)..# ##........#


You could see 4 goblins.

Vanquished Creatures
  2 giant cockroaches (D:1)
  2 hobgoblins (D:1)
  A quokka (D:1)
  A goblin (D:2)
  A kobold (D:1)
  3 rats (D:1)
10 creatures vanquished.

Vanquished Creatures (collateral kills)
  A dart slug (D:1)
  3 bats (D:1)
  5 endoplasms (D:1)
  A giant cockroach (D:1)
  6 goblins
  4 hobgoblins
  2 jackals (D:1)
  A quokka (D:1)
  2 ball pythons (D:1)
  A frilled lizard (D:1)
  4 kobolds
30 creatures vanquished.

Grand Total: 40 creatures vanquished

Notes
Turn   | Place    | Note
-------+----------+-------------------------------------------
     0 | D:1      | spaghetti the Naga Summoner began the quest for the Orb.
     0 | D:1      | Reached XP level 1. HP: 15/15 MP: 3/3
   148 | D:1      | Reached XP level 2. HP: 16/22 MP: 3/5
   154 | D:1      | Learned a level 2 spell: Call Imp
   524 | D:1      | Reached XP level 3. HP: 20/28 MP: 1/6
   528 | D:1      | Learned a level 3 spell: Call Canine Familiar
   573 | D:1      | Reached skill level 5 in Summonings
  1431 | D:2      | Identified the +0 helmet of the Hurricane {^Contam rN++
                  | rCorr Str+3}
  1431 | D:2      | Noticed Robin
  1444 | D:1      | Slain by a goblin

Illustrated notes

Levels and vault maps discovered:
D:1:      minmay_arrival_five_plusses, layout_basic, st_stairs_5,
          reono_crystal_passage
D:2:      layout_rooms, uniq_robin, uniq_sigmund

Skill      XL: |  1  2  3 |
---------------+----------+-----
Summonings     | 5 |  5.3
Dodging        | |  1.5
Stealth        | |  3.0
Spellcasting   | |  2.0

Action                     || total
---------------------------++-------
  Melee: Unarmed           ||    58
         Punch             ||     1
   Cast: Summon Small Mamm ||    21
         Call Imp          ||    15
         Call Canine Famil ||     6
Ability: Spit Poison       ||     6
    Use: Scroll            ||     1
         Potion            ||     1
   Stab: Sleeping          ||     2
 Armour: Robe              ||    72
  Dodge: Dodged            ||    63
